 Dungeon Crawl Stone Soup version 0.22-a0-284-g99d1f7439c (webtiles) character file.

28 Infinimo the Insei (level 3, -6/26 HPs)
             Began as a Demonspawn Transmuter on Mar 21, 2018.
             Mangled by Natasha (8 damage)
             ... on level 1 of the Dungeon.
             The game lasted 00:02:25 (1225 turns).

Infinimo the Insei (Demonspawn Transmuter)          Turns: 1225, Time: 00:02:25

Health: -6/26      AC:  4    Str: 10    XL:     3   Next: 0%
Magic:  6/6        EV: 12    Int: 15    God:
Gold:   41         SH:  0    Dex: 13    Spells: 5/6 levels left

rFire    + . .     SeeInvis .     - Unarmed
rCold    + . .     Gourm    .   (no shield)
rNeg     . . .     Faith    .   b - +0 robe
rPois    .         Spirit   .   (no helmet)
rElec    .         Reflect  .   i - scarf {rC+ rF+}
rCorr    .         Harm     .   (no gloves)
MR       .....                  (no boots)
Stlth    ++........             (no amulet)
HPRegen  0.08/turn              (no ring)
MPRegen  0.10/turn              (no ring)

@: slowed, very slow
A: yellow scales 1, nightstalker 1
a: no special abilities


You were on level 1 of the Dungeon.
You were very hungry.

You visited 1 branch of the dungeon, and saw 2 of its levels.

You collected 41 gold pieces.

Inventory:

Missiles
 a - 22 arrows
Armour
 b - a +0 robe (worn)
 i - a scarf of resistance (worn)
Potions
 h - a potion of cancellation {unknown}
 j - 2 potions of magic
Comestibles
 d - 4 rations


   Skills:
 - Level 1.0 Fighting
 - Level 1.7 Dodging
 + Level 3.8 Unarmed Combat
 - Level 2.0 Spellcasting
 - Level 1.7 Transmutations


You had 5 spell levels left.
You knew the following spells:

 Your Spells              Type           Power        Failure   Level  Hunger
a - Beastly Appendage     Tmut           #.....       11%         1    #......


Dungeon Overview and Level Annotations

Branches:
Dungeon (2/15)

Altars:

Annotations:
D:1 Natasha
D:2 Terence


Innate Abilities, Weirdness & Mutations

You are partially covered in yellow scales. (AC +2)
You are slightly more attuned to the shadows.


Message History

You are too injured to fight recklessly!
You are too injured to fight recklessly!
You hit Natasha but do no damage.
Natasha is moderately wounded.
Natasha claws you.
You hit Natasha.
Natasha is heavily wounded.
Natasha mumbles some strange words.
Natasha glows brightly for a moment.
Natasha closely misses you.
Natasha is heavily wounded.
Natasha is heavily wounded.
Natasha claws you!
* * * LOW HITPOINT WARNING * * *
Natasha claws you.
* * * LOW HITPOINT WARNING * * *
You hit Natasha.
Natasha is almost dead.
Natasha claws you!
You die...

####.# ##.#.............###
#.##.###.........##########
#.##.).....#..........####.
####.##)#.#######.####.#......
#.........# ###...# #.....###
#.......#####...#.# ###.#....
#..........##.###.####.....###
#...##.###.##.# #.##...###....
#...##.# #...@###....#########
######.#####h##.............##
#..# #.##.......[.......
##.####.##.......##'''##.
#...#.........).#.....#.
###.#...##......#.....#.
###########.....##......#..<..#.
#........รท##.....#......#.....#.
#............#....#####.#######.


You could see Natasha.

Vanquished Creatures
  3 leopard geckos (D:1)
  2 giant cockroaches (D:1)
  3 goblins
  3 hobgoblins (D:1)
  3 bats (D:1)
  A frilled lizard (D:1)
  4 kobolds (D:1)
  5 rats
24 creatures vanquished.

Notes
Turn   | Place    | Note
-------+----------+-------------------------------------------
     0 | D:1      | Infinimo the Demonspawn Transmuter began the quest for the Orb.
     0 | D:1      | Reached XP level 1. HP: 15/15 MP: 3/3
   138 | D:1      | Reached skill level 3 in Unarmed Combat
   375 | D:1      | Gained mutation: You are partially covered in yellow scales. (AC +2) [demonic ancestry]
   375 | D:1      | Reached XP level 2. HP: 21/21 MP: 5/5
   786 | D:2      | Noticed Terence
  1209 | D:2      | Noticed Natasha
  1210 | D:2      | Gained mutation: You are slightly more attuned to the shadows. [demonic ancestry]
  1210 | D:2      | Reached XP level 3. HP: 26/26 MP: 6/6
  1224 | D:1      | HP: 1/26 [Natasha (1)]
  1225 | D:1      | Mangled by Natasha

Vault maps used:
D:1:      dpeg_arrival_windows_large_door
D:2:      lemuel_round_altar, uniq_terence, uniq_natasha, uniq_robin

Skill      XL: |  1 |
---------------+----+-----
Unarmed Combat | 3 |  3.8
Fighting       | |  1.0
Dodging        | |  1.7
Spellcasting   | |  2.0
Transmutations | |  1.7

Action                   || total
-------------------------++-------
Melee: Unarmed           ||   137
  Use: Potion            ||     6
       Scroll            ||     1
Armor: Robe              ||    13
       Skin              ||     4
Dodge: Dodged            ||    67

Table legend:
 A = Spawn XP
 B = Non-spawn XP
 C = Spawn XP percentage of total XP
 D = Spawn monster count
 E = Non-spawn monster count
 F = Spawn count percentage of total count
 G = Total turns spent on level
                    A         B        C        D         E        F      G
               +---------+---------+-------+---------+---------+-------+---------
         Total |       0 |      41 |   0.0 |       0 |      24 |   0.0 |  1225
               +---------+---------+-------+---------+---------+-------+---------
           D:1 |       0 |      38 |   0.0 |       0 |      22 |   0.0 |  1123
           D:2 |       0 |       3 |   0.0 |       0 |       2 |   0.0 |   102
               +---------+---------+-------+---------+---------+-------+---------
